 Dungeon Crawl Stone Soup version 0.21.1-1-g345015f (webtiles) character file.

294 pk666 the Magician (level 6, -16/32 HPs)
             Began as a Deep Elf Wizard on Feb 12, 2018.
             Demolished by an ogre
             ... wielding a +0 giant spiked club
              (25 damage)
             ... on level 4 of the Dungeon.
             The game lasted 00:08:54 (4103 turns).

pk666 the Magician (Deep Elf Wizard)                Turns: 4103, Time: 00:08:55

Health: -16/32     AC:  3    Str:  4    XL:     6   Next: 11%
Magic:  3/16       EV: 13    Int: 25    God:
Gold:   247        SH:  3    Dex: 13    Spells: 7/16 levels left

rFire    . . .     SeeInvis .   r - +0 dagger
rCold    . . .     Gourm    .   (no shield)
rNeg     . . .     Faith    .   a - +0 robe
rPois    .         Spirit   .   b - +0 hat
rElec    .         Reflect  +   f - +0 cloak
rCorr    .         Harm     .   (no gloves)
MR       .....                  (no boots)
Stlth    ++........             n - +3 amulet of reflection
HPRegen  0.10/turn              h - ring of flight
MPRegen  0.15/turn              (no ring)

@: very slightly contaminated
A: no striking features
a: Evoke Flight


You were on level 4 of the Dungeon.
You were not hungry.

You visited 1 branch of the dungeon, and saw 4 of its levels.

You collected 247 gold pieces.

Inventory:

Hand Weapons
 r - a +0 dagger (weapon)
 s - a +0 quarterstaff
Missiles
 t - 12 javelins (quivered)
Armour
 a - a +0 robe (worn)
 b - a +0 hat (worn)
 f - a +0 cloak (worn)
Jewellery
 e - an uncursed ring of magical power {unknown}
 h - a ring of flight (left hand)
 n - a +3 amulet of reflection (around neck)
Wands
 u - a wand of enslavement (17)
Scrolls
 g - 2 scrolls of teleportation
 o - a scroll of enchant weapon {unknown}
 p - a scroll of magic mapping {unknown}
 q - 3 scrolls of identify {unknown}
Potions
 i - 2 potions of invisibility {unknown}
 j - a potion of resistance {unknown}
 k - 3 potions of curing {unknown}
 l - a potion of brilliance {unknown}
 m - a potion of agility {unknown}
 v - 2 potions of might {unknown}
 w - a potion of berserk rage {unknown}
Books
 c - a book of Minor Magic

   Spells                             Type                      Level
   a - Magic Dart                     Conjuration                  1
   b - Blink                          Translocation                2
   c - Call Imp                       Summoning                    2
   d - Slow                           Hexes                        2
   e - Conjure Flame                  Conjuration/Fire             3
   f - Mephitic Cloud                 Conjuration/Poison/Air       3
Comestibles
 d - 6 rations


   Skills:
 + Level 3.6 Dodging
 - Level 2.4 Stealth
 + Level 5.8 Spellcasting
 + Level 3.2 Conjurations
   Level 1.1 Summonings
 - Level 1.1 Translocations
 * Level 2.1 Fire Magic
 * Level 1.9 Air Magic
 * Level 2.1 Poison Magic


You had 7 spell levels left.
You knew the following spells:

 Your Spells              Type           Power        Failure   Level  Hunger
a - Magic Dart            Conj           ###.         1%          1    None
b - Blink                 Tloc           N/A          7%          2    None
d - Conjure Flame         Conj/Fire      ###.....     8%          3    #......
z - Mephitic Cloud        Conj/Pois/Air  ###.....     9%          3    #......


Dungeon Overview and Level Annotations

Branches:
Dungeon (4/15)
 Temple: D:4-7

Altars:
Ashenzari
Gozag
Okawaru

Annotations:
D:3 exclusion: downstairs
D:4 exclusion: player ghost, Serooblart's ghost, amateur MiBe


Message History

Confirm with . or Enter, or press ? or * to list all spells.
Aiming: Magic Dart
Press: ? - help, Shift-Dir - straight line, f/p - bullfrog skeleton
Aim: a bullfrog skeleton (almost destroyed)
The magic dart hits the bullfrog skeleton.
The bullfrog skeleton is almost destroyed.
The bullfrog skeleton misses you. The orc barely misses you.
You block the hound's attack.
The bullfrog skeleton hits you but does no damage.
Casting: Magic Dart
Confirm with . or Enter, or press ? or * to list all spells.
Aiming: Magic Dart
Press: ? - help, Shift-Dir - straight line, f/p - bullfrog skeleton
Aim: a bullfrog skeleton (almost destroyed)
You miscast Magic Dart.
You are very lightly contaminated with residual magic.
Nothing appears to happen.
The hound bites you but does no damage.
The ogre hits you with a giant spiked club!!
Ouch! That really hurt!
You die...

#.......# #.......#
#####+##.......#
............o...
...........[....
................
.......hoZ......
........@O......
.......)........
##########.....##+
#...#....#.....#
#######...#....#.....#
.....#....#....#.....+
.....'....#....#.....#
.....##...##.###.....######+###
.....##...##.#....(###...##...##


You could see an ogre, a hound, 2 orcs and a bullfrog skeleton.

Vanquished Creatures
  A scorpion (D:4)
  3 worker ants (D:4)
  8 adders
  An ooze (D:3)
  2 worms
  3 dart slugs
  A leopard gecko (D:2)
  12 orcs
  10 bats
  5 giant cockroaches
  4 goblins (D:1)
  8 hobgoblins
  2 quokkas (D:3)
  A ball python (D:3)
  8 frilled lizards
  10 kobolds
  A quokka skeleton (D:4)
  8 rats
88 creatures vanquished.

Vanquished Creatures (others)
  An orc (D:4)
  A plant (D:3)
2 creatures vanquished.

Grand Total: 90 creatures vanquished

Notes
Turn   | Place    | Note
-------+----------+-------------------------------------------
     0 | D:1      | pk666 the Deep Elf Wizard began the quest for the Orb.
     0 | D:1      | Reached XP level 1. HP: 10/10 MP: 7/7
   272 | D:1      | Reached XP level 2. HP: 15/15 MP: 6/9
   545 | D:1      | Found a shattered altar of Ashenzari.
  1053 | D:2      | Reached skill level 5 in Spellcasting
  1119 | D:2      | Reached XP level 3. HP: 19/19 MP: 5/11
  1507 | D:2      | Reached XP level 4. HP: 24/24 MP: 8/13
  1511 | D:2      | Learned a level 2 spell: Blink
  1515 | D:2      | Learned a level 3 spell: Mephitic Cloud
  1519 | D:2      | Learned a level 3 spell: Conjure Flame
  1688 | D:2      | Found an iron altar of Okawaru.
  2388 | D:3      | Found an opulent altar of Gozag.
  2416 | D:3      | Reached skill level 1 in Poison Magic
  2757 | D:3      | Reached skill level 1 in Fire Magic
  2878 | D:3      | Reached XP level 5. HP: 28/28 MP: 9/15
  2944 | D:3      | Reached skill level 1 in Air Magic
  3790 | D:4      | Reached XP level 6. HP: 32/32 MP: 8/16
  3841 | D:4      | Noticed Serooblart's ghost (amateur MiBe)
  4103 | D:4      | Demolished by an ogre

Skill      XL: |  1  2  3  4  5 |
---------------+----------------+-----
Conjurations   | 2 3 |  3.2
Spellcasting   | 5 |  5.8
Dodging        | 3 |  3.6
Poison Magic   | 1 2 |  2.1
Fire Magic     | 1 2 |  2.1
Air Magic      | 1 |  1.9
Stealth        | |  2.4
Summonings     | |  1.1
Translocations | |  1.1

Action                   |  1- 3 |  4- 6 || total
-------------------------+-------+-------++-------
Melee: Dagger            |       |     1 ||     1
 Cast: Magic Dart        |    78 |   177 ||   255
       Conjure Flame     |       |     1 ||     1
       Blink             |       |     1 ||     1
  Use: Scroll            |       |     3 ||     3
  Eat: Chunk             |     2 |     7 ||     9
Armor: Robe              |     8 |     4 ||    12
Dodge: Dodged            |    19 |    25 ||    44
Block: Other             |       |     8 ||     8
       Reflection        |       |     2 ||     2
